 Dungeon Crawl Stone Soup version 0.18.1-6-gd335043 (webtiles) character file.

385 kae the Archer (level 6, -6/58 HPs)
             Began as a High Elf Hunter on May 16, 2016.
             Mangled by Menkaure (8 damage)
             ... on level 4 of the Dungeon.
             The game lasted 00:07:11 (3226 turns).

kae the Archer (High Elf Hunter)                    Turns: 3226, Time: 00:07:12

Health: -6/58      AC: 23    Str: 16    XL:     6   Next: 48%
Magic:  7/7        EV:  2    Int: 15    God:
Gold:   229        SH:  0    Dex: 23    Spells: 0 memorised, 5 levels left

rFire  . . .     SeeInvis .     b - +0 short sword
rCold  . . .     Gourm    .     (armour currently unavailable)
rNeg   + + +     Faith    .     (no shield)
rPois  +         Spirit   .     (helmet currently unavailable)
rElec  .         Dismiss  .     (cloak currently unavailable)
rCorr  .         Reflect  .     (gloves currently unavailable)
SustAt .         Harm     .     (boots currently unavailable)
MR     .....     NoTele   +     j - amulet of regeneration
Stlth  +++.......               (no ring)
                                e - +2 ring of evasion

@: mighty, agile, tree-form, not resistant to hostile enchantments, fairly
stealthy
A: no striking features
a: no special abilities


You were on level 4 of the Dungeon.
You were hungry.
You were a tree.
You visited 1 branch of the dungeon, and saw 4 of its levels.
You also visited: Sewer.

You collected 229 gold pieces.

Inventory:

Hand Weapons
 a - a +1 shortbow
 b - a +0 short sword (weapon)
Missiles
 d - 16 arrows
Armour
 c - a +0 leather armour (melded)
 k - a +0 cloak (melded)
Jewellery
 e - a +2 ring of evasion (left branch)
 j - an amulet of regeneration (around neck)
 l - an uncursed amulet of magic regeneration
 p - an uncursed ring of stealth {unknown}
Wands
 u - a wand of slowing (19/48)
Scrolls
 i - 2 scrolls of magic mapping
 t - a scroll of remove curse
 x - a scroll of identify
Potions
 h - a potion of degeneration {unknown}
 n - a potion of magic {unknown}
Comestibles
 f - 3 bread rations
 m - 12 fruits
 s - a meat ration
 v - a royal jelly
 z - a chunk of flesh


   Skills:
 - Level 2.0 Fighting
 + Level 10.2 Bows
 - Level 2.1 Dodging
 - Level 1.1 Stealth


You had 5 spell levels left.
You didn't know any spells.

Dungeon Overview and Level Annotations

Branches:
Dungeon (4/15)
 Temple: D:4-7

Altars:
Elyvilon
Ru

Annotations:
D:4 Menkaure


Message History

Read which item? (? for menu, Esc to quit)
Okay, then.
Drink which item? (? for menu, Esc to quit)
It was a potion of agility.
You feel agile all of a sudden. Menkaure misses you.
The orc moves out of view.
Menkaure barely misses you.
Drink which item? (? for menu, Esc to quit)
It was a potion of lignification.
You turn into a tree.
Your +0 cloak melds into your body.
Your +0 leather armour melds into your body.
Your roots penetrate the ground.
The orc hits you from afar with a trident.
* * * LOW HITPOINT WARNING * * *
Menkaure hits you.
* * * LOW HITPOINT WARNING * * *
Unknown command.
You puncture Menkaure!
Menkaure is heavily damaged.
The orc barely misses you. Menkaure hits you!
You die...

#............
###............
#.......####
..##....(..#
#.......h#.#
####o#.#.#.##
.oJ..#....#
#.#M####...# #
#.#.♣†(((.(#.#
#.######...#.####
................
########..#.### #
##.#.# #.#####
#...# #.^...#
#...#
#.###.########..>#
.. #.#.....##.#.#


You could see Menkaure, an orc priest, an ooze and an orc.

Vanquished Creatures
  A howler monkey (D:4)
  2 hounds (D:4)
  Jessica (D:3)
  Natasha (twice) (D:4)
  An orc wizard (D:4)
  2 worker ants
  7 adders
  An adder skeleton (D:4)
  3 dart slugs
  2 giant geckos
  2 orcs
  3 ball pythons
  4 giant cockroaches
  8 goblins
  7 hobgoblins
  2 jackals (D:3)
  9 kobolds
  10 bats
  A giant gecko skeleton (D:4)
  3 giant newts
  A jackal skeleton (D:4)
  6 rats
78 creatures vanquished.

Vanquished Creatures (others)
  A dart slug (D:2)
1 creature vanquished.

Grand Total: 79 creatures vanquished

Notes
Turn   | Place    | Note
--------------------------------------------------------------
     0 | D:1      | kae the High Elf Hunter began the quest for the Orb.
     0 | D:1      | Reached XP level 1. HP: 14/14 MP: 2/2
   135 | D:1      | Reached XP level 2. HP: 19/19 MP: 3/3
   194 | D:1      | Reached skill level 6 in Bows
  1126 | D:2      | Reached XP level 3. HP: 24/24 MP: 4/4
  1243 | D:2      | Found a sacrificial altar of Ru.
  1328 | D:2      | Found a white marble altar of Elyvilon.
  1364 | D:2      | Reached skill level 7 in Bows
  1616 | D:2      | Reached XP level 4. HP: 23/29 MP: 5/5
  2093 | D:3      | Reached skill level 8 in Bows
  2440 | D:3      | Reached XP level 5. HP: 29/34 MP: 6/6
  2533 | D:3      | Found a glowing drain.
  2537 | Sewer    | Entered a sewer
  2577 | Sewer    | Noticed Purgy
  2722 | D:3      | Noticed Jessica
  2729 | D:3      | Killed Jessica
  3013 | D:4      | Noticed Natasha
  3025 | D:4      | Killed Natasha
  3025 | D:4      | Reached skill level 9 in Bows
  3177 | D:4      | Noticed Natasha
  3195 | D:4      | Killed Natasha
  3195 | D:4      | Reached XP level 6. HP: 39/39 MP: 7/7
  3208 | D:4      | Noticed Menkaure
  3212 | D:4      | Reached skill level 10 in Bows
  3225 | D:4      | HP: 2/58 [Menkaure (2)]
  3226 | D:4      | Mangled by Menkaure

Skill      XL: |  1  2  3  4  5  6 |
---------------+-------------------+-----
Bows           | 6 7 8 9 10 | 10.2
Fighting       | |  2.0
Dodging        | |  2.1
Stealth        | |  1.1

Action                   |  1- 3 |  4- 6 || total
-------------------------+-------+-------++-------
Melee: Short sword       |   120 |   140 ||   260
 Fire: Shortbow          |    28 |    59 ||    87
  Use: Scroll            |     5 |     3 ||     8
       Potion            |       |     7 ||     7
 Stab: Sleeping          |     5 |     3 ||     8
  Eat: Chunk             |     2 |     5 ||     7
Armor: Leather armour    |    37 |    44 ||    81
Dodge: Dodged            |    88 |   144 ||   232
